 Dungeon Crawl Stone Soup version 0.31.0-32-g396128a36d (webtiles) character file.

Game seed: 17713835144170047275

388 Peloso the Slasher (level 6, -3/53 HPs)
             Began as a Minotaur Fighter on Mar 21, 2024.
             Slain by an orc warrior
             ... wielding a +0 scimitar
              (5 damage)
             ... on level 5 of the Dungeon.
             The game lasted 00:04:59 (3359 turns).

Peloso the Slasher (Minotaur Fighter)               Turns: 3359, Time: 00:04:59

Health: -3/53      AC:  9    Str: 21    XL:     6   Next: 49%
Magic:  0/5        EV:  8    Int:  5    God:
Gold:   238        SH:  5    Dex: 11    Spells: 5/5 levels left

rFire   . . .        a - +0 long sword
rCold   . . .        d - +0 buckler
rNeg    . . .        c - +0 chain mail
rPois   .            (helmet restricted)
rElec   .            (no cloak)
rCorr   +            (no gloves)
SInv    .            (no boots)
Will    .....        j - amulet of guardian spirit Stlth
                     e - ring of resist corrosion
HPRegen 0.28/turn    (no ring)
MPRegen 0.09/turn

%: guardian spirit
@: no status effects
A: horns 2, retaliatory headbutt
a: no special abilities


You were on level 5 of the Dungeon.
You visited 2 branches of the dungeon, and saw 7 of its levels.

You collected 238 gold pieces.

Inventory:

Hand Weapons
 a - a +0 long sword (weapon)
Armour
 b - a +0 scale mail
 c - a +0 chain mail (worn)
 d - a +0 buckler (worn)
Jewellery
 e - a ring of resist corrosion (left hand)
 h - an amulet of the acrobat
 i - a +6 ring of dexterity
 j - an amulet of guardian spirit (around neck)
Wands
 n - a wand of paralysis (6)
 o - a wand of roots (12)
Scrolls
 g - 3 scrolls of amnesia
 s - a scroll of torment
 t - a scroll of fog {unknown}
 u - 2 scrolls of fear
 v - a scroll of teleportation
Potions
 f - a potion of might
 k - 5 potions of brilliance
 l - a potion of magic {unknown}
 m - a potion of heal wounds {unknown}
 p - a potion of attraction {unknown}
 q - 3 potions of mutation {unknown}
 r - a potion of curing {unknown}


   Skills:
 + Level 4.6 Fighting
 + Level 5.2 Long Blades
 + Level 5.1 Armour
 + Level 2.0 Dodging
 + Level 0.6 Stealth
 + Level 5.0 Shields
 + Level 0.1 Evocations


You had 5 spell levels left.
You didn't know any spells.
Your spell library contained the following spells:

 Spells                   Type           Power      Damage    Failure   Level
 Freeze                   Ice            0%         1d3       99%         1
 Magic Dart               Conj           0%         1d3       99%         1
 Sting                    Conj/Alch      0%         1d3       99%         1
 Ensorcelled Hibernation  Hex/Ice        0%         N/A       99%         2
 Lesser Beckoning         Tloc           0%         N/A       99%         2
 Mercury Vapours          Alch/Air       0%         N/A       99%         2
 Searing Ray              Conj           0%         2d4       99%         2
 Frozen Ramparts          Ice            0%         1d1       100%        3
 Fugue of the Fallen      Necr           0%         N/A       100%        3
 Gell's Gravitas          Tloc           0%         N/A       100%        3
 Hailstorm                Conj/Ice       0%         3d5       100%        3
 Inner Flame              Hex/Fire       0%         N/A       100%        3
 Sigil of Binding         Hex            0%         N/A       100%        3
 Summon Ice Beast         Ice/Summ       0%         N/A       100%        3
 Teleport Other           Tloc           0%         N/A       100%        3
 Anguish                  Hex/Necr       0%         N/A       100%        4
 Fulminant Prism          Conj/Alch      0%         3d5       100%        4
 Olgreb's Toxic Radiance  Alch           0%         N/A       100%        4


Dungeon Overview and Level Annotations

Branches:
Dungeon (6/15)             Temple (1/1) D:5

Altars:
Ashenzari
Dithmenos
Fedhas
Hepliaklqana
Kikubaaqudgha
Nemelex Xobeh
Ru
Uskayaw
Xom
Zin
The Shining One

Shops:
D:2 :

Annotations:
D:4 2 transporters, Tiagovsky's ghost, amateur MiFi


Innate Abilities, Weirdness & Mutations

You have a pair of horns on your head.
You reflexively headbutt those who attack you in melee.


Message History

You hit the orc warrior but do no damage.
The orc warrior is lightly wounded.
The orc warrior hits you with a +0 scimitar!
You barely miss the orc warrior.
The orc warrior is lightly wounded.
The orc warrior hits you with a +0 scimitar.
You hit the orc warrior.
The orc warrior is moderately wounded.
The orc warrior hits you with a +0 scimitar!
You hit the orc warrior but do no damage.
The orc warrior is moderately wounded.
You block the orc warrior's attack.
You hit the orc warrior.
The orc warrior is heavily wounded.
The orc warrior hits you with a +0 scimitar.
You hit the orc warrior. Your headbutt misses the orc warrior.
The orc warrior is heavily wounded.
The orc warrior closely misses you.
You closely miss the orc warrior.
The orc warrior is heavily wounded.
The orc warrior hits you with a +0 scimitar!
* * * LOW HITPOINT WARNING * * *
The orc warrior hits you with a +0 scimitar!
* * * LOW HITPOINT WARNING * * *
You hit the orc warrior.
The orc warrior is severely wounded.
You block the orc warrior's attack.
You slash the orc warrior! You headbutt the orc warrior.
The orc warrior is almost dead.
The orc warrior barely misses you.
Okay, then.
You hit the orc warrior. Your headbutt misses the orc warrior.
The orc warrior is almost dead.
The orc warrior hits you with a +0 scimitar!
* * * LOW HITPOINT WARNING * * *
Unknown command.
You barely miss the orc warrior.
The orc warrior is almost dead.
The orc warrior hits you with a +0 scimitar.
You die...

#...'....# #...
#...#.#### #...
#.....# #... ##+#.##
##'# ###.#.# #.#
#.....# #.. #.....#
#.# #..o..#
############
#..@..###...........
###.................
#####.#.##....###'
#.#.##....##..
#.........+...
#.####....##(.
#....#######..
#.##....# #..
#.#####.## #..


You could see an orc warrior.

Vanquished Creatures
  A centaur (D:6)
  An ogre (D:5)
  2 hounds
  A sleepcap (D:5)
  6 adders
  A shadow imp (D:5)
  A white imp (D:5)
  2 ufetubi (D:5)
  A dart slug (D:3)
  5 orcs
  5 endoplasms
  4 giant cockroaches
  5 goblins
  5 hobgoblins
  8 kobolds
  2 quokkas
  9 ball pythons
  4 bats
  A frilled lizard (D:1)
  2 rats
66 creatures vanquished.

Notes
Turn   | Place    | Note
-------+----------+-------------------------------------------
     0 | D:1      | Peloso the Minotaur Fighter began the quest for the Orb.
     0 | D:1      | Reached XP level 1. HP: 19/19 MP: 0/0
   176 | D:1      | Reached XP level 2. HP: 27/27 MP: 1/1
   636 | D:2      | Reached XP level 3. HP: 33/33 MP: 2/2
   703 | D:2      | Found a faded altar of an unknown god.
   816 | D:2      | Found Maimeon's Book Boutique.
  1232 | D:3      | Reached skill level 1 in Dodging
  1439 | D:3      | Reached XP level 4. HP: 40/40 MP: 3/3
  2007 | D:4      | Found an ancient bone altar of Kikubaaqudgha.
  2008 | D:4      | Found a blossoming altar of Fedhas.
  2067 | D:4      | Found a transporter.
  2102 | D:4      | Found a transporter.
  2108 | D:4      | Identified the +2 scale mail of Joy {+Blink Stlth+}
  2108 | D:4      | Noticed a gnoll sergeant
  2133 | D:4      | Noticed Tiagovsky's ghost (amateur MiFi)
  2192 | D:4      | Found a sacrificial altar of Ru.
  2399 | D:5      | Entered Level 5 of the Dungeon
  2513 | D:5      | Noticed an ogre
  2518 | D:5      | Killed an ogre
  2519 | D:5      | Reached XP level 5. HP: 47/47 MP: 4/4
  2564 | D:5      | Found a staircase to the Ecumenical Temple.
  2588 | Temple   | Entered the Ecumenical Temple
  2726 | D:5      | Reached XP level 6. HP: 53/53 MP: 5/5
  3232 | D:6      | Found a broken altar of Ashenzari.
  3250 | D:6      | Reached skill level 5 in Long Blades
  3250 | D:6      | Reached skill level 5 in Armour
  3257 | D:6      | Reached skill level 5 in Shields
  3307 | D:6      | Got the Writings on Boreal Fascination
  3328 | D:6      | Noticed an orc warrior
  3358 | D:5      | HP: 2/53 [orc warrior/+0 scimitar (6)]
  3359 | D:5      | Slain by an orc warrior

Illustrated notes

Levels and vault maps discovered:
D:1:      dpeg_arrival_signposts, layout_rooms
D:2:      layout_rooms, shapermc_ecumenical_altar_mp_ritualfount, serial_shops,
          shop
D:3:      layout_loops_ring
D:4:      layout_rooms, grunt_temple_overflow_growth_and_decay,
          hangedman_ru_absence, gammafunk_ghost_gnarly_gnolls
D:5:      dreamdust_elfheim, layout_basic, minmay_temple_entry_ruins
D:6:      layout_basic, mainiacjoe_overflow_24_doors,
          grunt_temple_overflow_octagram, evilmike_ruin_ashenzari,
          uniq_prince_ribbit1, uniq_crazy_yiuf_cottage
Temple:   nicolae_temple_bog_church

Skill      XL: |  1  2  3  4  5  6 |
---------------+-------------------+-----
Shields        | 4 5 |  5.0
Fighting       | 4 |  4.6
Armour         | 4 5 |  5.1
Long Blades    | 3 4 5 |  5.2
Dodging        | 1 2 |  2.0
Stealth        | |  0.6
Evocations     | |  0.1

Action                     |  1- 3 |  4- 6 || total
---------------------------+-------+-------++-------
  Melee: Long sword        |   108 |   100 ||   208
         Headbutt          |    14 |    25 ||    39
  Evoke: Wand              |       |     2 ||     2
    Use: Scroll            |     1 |     4 ||     5
         Potion            |     1 |       ||     1
 Armour: Scale mail        |    96 |     5 ||   101
         Chain mail        |       |   101 ||   101
  Dodge: Dodged            |    58 |    62 ||   120
  Block: Buckler           |    36 |    35 ||    71
